IL
TIDEWATER TIDES @ RICHMOND BRAVES
06/22/1982
 
TOP OF THE 1ST
Tidewater Tides batting - Pitching for Richmond Braves : RHP Fernando Amaya
Pitching: RHP Fernando Amaya
Batting: RHB Anthony Lachowetz 0-0: Foul Ball, location: 2F
0-1: Foul Ball, location: 2F
0-2: Ball
1-2: Ball
2-2: Strikes out looking
Batting: RHB German Rivera 0-0: Ball
1-0: Foul Ball, location: 2F
1-1: Called Strike
1-2: Fly out, F7 (Flyball, 7, EV 82.5 MPH)
Batting: RHB Brad Komminsk 0-0: Swinging Strike
0-1: Ball
1-1: Ball
2-1: Fly out, F9 (Flyball, 9S, EV 70.6 MPH)
Top of the 1st over - 0 runs, 0 hits, 0 errors, 0 left on base; Tidewater 0 - Richmond 0
BOTTOM OF THE 1ST
Richmond Braves batting - Pitching for Tidewater Tides : RHP Oscar Brito
Pitching: RHP Oscar Brito
Batting: RHB Dave Stegman 0-0: Called Strike
0-1: Swinging Strike
0-2: Foul Ball, location: 2F
0-2: Ball
1-2: Strikes out looking
Batting: RHB Mike Fuentes 0-0: Foul Ball, location: 2F
0-1: Foul Ball, location: 2F
0-2: Strikes out looking
Batting: SHB Howard Johnson 0-0: Foul Ball, location: 2F
0-1: Swinging Strike
0-2: Ball
1-2: Ball
2-2: Ball
3-2: Base on Balls
Batting: LHB Chris Evans 0-0: Ball
Howard Johnson steals 2nd base
1-0: Ball
2-0: SINGLE (Flyball, 8RS, EV 93.8 MPH)
Howard Johnson to third
Runner from 3rd tries for Home, SAFE, throw by RF to home
Chris Evans to second
Batting: LHB Dan Rohn 0-0: Called Strike
0-1: Ball
1-1: Foul Ball, location: 2F
1-2: Ball
2-2: Fly out, F9 (Flyball, 9, EV 88.1 MPH)
Bottom of the 1st over - 1 run, 1 hit, 0 errors, 1 left on base; Tidewater 0 - Richmond 1
TOP OF THE 2ND
Tidewater Tides batting - Pitching for Richmond Braves : RHP Fernando Amaya
Batting: RHB George Gomez 0-0: Fly out, F8 (Flyball, 8RD, EV 83.1 MPH)
Batting: RHB Mike Rex 0-0: Called Strike
0-1: Ball
1-1: Ground out 6-3 (Groundball, P, EV 81.3 MPH)
Batting: RHB Thomas Walker 0-0: Ball
1-0: Fly out, F9 (Line Drive, 9, EV 104.4 MPH)
Top of the 2nd over - 0 runs, 0 hits, 0 errors, 0 left on base; Tidewater 0 - Richmond 1
BOTTOM OF THE 2ND
Richmond Braves batting - Pitching for Tidewater Tides : RHP Oscar Brito
Batting: LHB Max Venable 0-0: Ball
1-0: Swinging Strike
1-1: Foul Ball, location: 2F
1-2: Ground out 4-3 (Groundball, 4, EV 83.8 MPH)
Batting: RHB Mark Naehring 0-0: Ball
1-0: Ball
2-0: Called Strike
2-1: Ball
3-1: Foul Ball, location: 2F
3-2: Strikes out swinging
Batting: SHB Julio Cruz 0-0: Called Strike
0-1: Ball
1-1: SINGLE (Groundball, 25, EV 64.4 MPH) (infield hit)
Batting: RHB Marc Sullivan 0-0: Ball
1-0: Called Strike
1-1: Called Strike
1-2: Strikes out looking
Bottom of the 2nd over - 0 runs, 1 hit, 0 errors, 1 left on base; Tidewater 0 - Richmond 1
TOP OF THE 3RD
Tidewater Tides batting - Pitching for Richmond Braves : RHP Fernando Amaya
Batting: LHB Thomas Anderson 0-0: Foul Ball, location: 2F
0-1: Ball
1-1: SOLO HOME RUN (Flyball, 89XD, EV 106.9 MPH), Distance : 403 ft
Batting: SHB Julio Valdez 0-0: Ball
1-0: Foul Ball, location: 2F
1-1: Foul Ball, location: 2F
1-2: Ball
2-2: Strikes out swinging
Batting: RHB Steve Liddle 0-0: Called Strike
0-1: Ball
1-1: Called Strike
1-2: Foul Ball, location: 2F
1-2: Foul Ball, location: 2F
1-2: Ball
2-2: Ball
3-2: Foul Ball, location: 2F
3-2: Fly out, F9 (Flyball, 9D, EV 105.6 MPH)
Batting: RHB Anthony Lachowetz 0-0: Ball
1-0: Ball
2-0: Called Strike
2-1: Ball
3-1: Base on Balls
Batting: RHB German Rivera 0-0: Ball
Anthony Lachowetz is caught stealing 2nd base 2-4
Top of the 3rd over - 1 run, 1 hit, 0 errors, 0 left on base; Tidewater 1 - Richmond 1
BOTTOM OF THE 3RD
Richmond Braves batting - Pitching for Tidewater Tides : RHP Oscar Brito
Batting: RHB Dave Stegman 0-0: Swinging Strike
0-1: Fly out, F6 (Popup, 6, EV 57.5 MPH)
Batting: RHB Mike Fuentes 0-0: Ball
1-0: Called Strike
1-1: Swinging Strike
1-2: Ball
2-2: Ball
3-2: Strikes out swinging
Batting: SHB Howard Johnson 0-0: Foul Ball, location: 2F
0-1: Fly out, F9 (Flyball, 89D, EV 93.1 MPH)
Bottom of the 3rd over - 0 runs, 0 hits, 0 errors, 0 left on base; Tidewater 1 - Richmond 1
TOP OF THE 4TH
Tidewater Tides batting - Pitching for Richmond Braves : RHP Fernando Amaya
Batting: RHB German Rivera 0-0: Foul Ball, location: 2F
0-1: Ball
1-1: Foul Ball, location: 2F
1-2: Fly out, F5 (Line Drive, 5, EV 69.4 MPH)
Batting: RHB Brad Komminsk 0-0: Ball
1-0: Ground out 5-3 (Groundball, 5S, EV 75.0 MPH)
Batting: RHB George Gomez 0-0: Ball
1-0: DOUBLE (Line Drive, 9LS, EV 110.6 MPH)
Batting: RHB Mike Rex 0-0: Called Strike
0-1: Ball
1-1: Ground out 6-3 (Groundball, 6D, EV 99.4 MPH)
Top of the 4th over - 0 runs, 1 hit, 0 errors, 1 left on base; Tidewater 1 - Richmond 1
BOTTOM OF THE 4TH
Richmond Braves batting - Pitching for Tidewater Tides : RHP Oscar Brito
Batting: LHB Chris Evans 0-0: Called Strike
0-1: Ball
1-1: Foul Ball, location: 2F
1-2: Foul Ball, location: 2F
1-2: Fly out, F8 (Flyball, 78D, EV 103.1 MPH)
Batting: LHB Dan Rohn 0-0: Ball
1-0: Called Strike
1-1: Ball
2-1: SINGLE (Groundball, 34D, EV 103.1 MPH) (infield hit)
Batting: LHB Max Venable 0-0: Swinging Strike
0-1: Ground out U3 (Groundball, 3S, EV 70.0 MPH)
Dan Rohn to second
Batting: RHB Mark Naehring 0-0: Called Strike
0-1: Called Strike
0-2: Foul Ball, location: 2F
0-2: Ball
1-2: SINGLE (Groundball, 4M, EV 97.5 MPH) (infield hit)
Dan Rohn to third
Batting: SHB Julio Cruz 0-0: Ball
1-0: Ball
2-0: Foul Ball, location: 2F
2-1: Swinging Strike
2-2: Foul Ball, location: 2F
2-2: Foul Ball, location: 2F
2-2: Ball
3-2: DOUBLE (Flyball, 8LD, EV 98.1 MPH)
Dan Rohn scores
Mark Naehring to third
Mark Naehring scores
Batting: RHB Marc Sullivan 0-0: Foul Ball, location: 2F
0-1: Ball
1-1: Foul Ball, location: 2F
1-2: Foul Ball, location: 2F
1-2: Foul Ball, location: 2F
1-2: Strikes out swinging
Bottom of the 4th over - 2 runs, 3 hits, 0 errors, 1 left on base; Tidewater 1 - Richmond 3
TOP OF THE 5TH
Tidewater Tides batting - Pitching for Richmond Braves : RHP Fernando Amaya
Batting: RHB Thomas Walker 0-0: Ball
1-0: Ball
2-0: SINGLE (Line Drive, 4D, EV 105.6 MPH)
Batting: LHB Thomas Anderson 0-0: Swinging Strike
0-1: Foul Ball, location: 2F
0-2: Strikes out swinging
Batting: SHB Julio Valdez 0-0: Fielders Choice at 2nd, 4-6 (Groundball, 34D, EV 88.1 MPH)
Batting: RHB Steve Liddle 0-0: Ball
1-0: Ball
2-0: Foul Ball, location: 2F
2-1: Foul Ball, location: 2F
2-2: SINGLE (Line Drive, 78M, EV 86.3 MPH)
Julio Valdez to second
Batting: RHB Anthony Lachowetz 0-0: Ball
1-0: Ball
Passed Ball!
Julio Valdez to third
Steve Liddle to second
2-0: Called Strike
2-1: Foul Ball, location: 2F
2-2: SINGLE (Line Drive, 89S, EV 100.0 MPH)
Julio Valdez scores
Steve Liddle to third
Runner from 3rd tries for Home, SAFE, throw by CF to home
Anthony Lachowetz to second
Batting: RHB German Rivera 0-0: Called Strike
0-1: Ball
1-1: Fly out, F2 (Popup, 15S, EV 88.8 MPH)
Top of the 5th over - 2 runs, 3 hits, 0 errors, 1 left on base; Tidewater 3 - Richmond 3
BOTTOM OF THE 5TH
Richmond Braves batting - Pitching for Tidewater Tides : RHP Oscar Brito
Batting: RHB Dave Stegman 0-0: Ball
1-0: Called Strike
1-1: Ball
2-1: SINGLE (Flyball, 56D, EV 92.5 MPH)
Batting: RHB Mike Fuentes 0-0: Swinging Strike
0-1: Ball
1-1: Ball
2-1: Called Strike
Dave Stegman is caught stealing 2nd base 2-4
2-2: Ball
3-2: Foul Ball, location: 2F
3-2: SOLO HOME RUN (Flyball, 9D, EV 105.6 MPH), Distance : 371 ft
Batting: SHB Howard Johnson 0-0: Ball
1-0: Called Strike
1-1: Ground out U3 (Groundball, 34S, EV 91.9 MPH)
Batting: LHB Chris Evans 0-0: Ball
1-0: Ball
2-0: Called Strike
2-1: Foul Ball, location: 2F
2-2: Strikes out swinging
Bottom of the 5th over - 1 run, 2 hits, 0 errors, 0 left on base; Tidewater 3 - Richmond 4
TOP OF THE 6TH
Tidewater Tides batting - Pitching for Richmond Braves : RHP Fernando Amaya
Batting: RHB Brad Komminsk 0-0: Foul Ball, location: 2F
0-1: Ground out 5-3 (Groundball, 56, EV 86.3 MPH)
Batting: RHB George Gomez 0-0: Ball
1-0: Called Strike
1-1: Foul Ball, location: 2F
1-2: Ball
2-2: Ground out 6-3 (Groundball, 56, EV 103.1 MPH)
Batting: RHB Mike Rex 0-0: Ground out 4-3 (Groundball, 4M, EV 84.4 MPH)
Top of the 6th over - 0 runs, 0 hits, 0 errors, 0 left on base; Tidewater 3 - Richmond 4
BOTTOM OF THE 6TH
Richmond Braves batting - Pitching for Tidewater Tides : RHP Oscar Brito
Batting: LHB Dan Rohn 0-0: Called Strike
0-1: Ball
1-1: Ball
2-1: Ball
3-1: Base on Balls
Batting: LHB Max Venable 0-0: Foul Ball, location: 2F
0-1: Fielders Choice at 2nd, 4-6 (Groundball, 4, EV 81.3 MPH)
Batting: RHB Mark Naehring 0-0: Ball
Max Venable steals 2nd, throwing error, E2
Max Venable to third
1-0: Ball
2-0: Called Strike
2-1: SINGLE (Groundball, 4, EV 102.5 MPH)
Max Venable scores
Pitching: LHP Austin Martinelli
Batting: SHB Julio Cruz 0-0: Ball
1-0: Ball
2-0: Ball
3-0: Called Strike
3-1: Fly out, F8 (Flyball, 8LM, EV 86.9 MPH)
Batting: RHB Marc Sullivan 0-0: Called Strike
0-1: Called Strike
0-2: Ball
1-2: Strikes out swinging
Bottom of the 6th over - 1 run, 1 hit, 1 error, 1 left on base; Tidewater 3 - Richmond 5
TOP OF THE 7TH
Tidewater Tides batting - Pitching for Richmond Braves : RHP Fernando Amaya
Batting: RHB Thomas Walker 0-0: Called Strike
0-1: Foul Ball, location: 2F
0-2: Ball
1-2: Ball
2-2: Foul Ball, location: 2F
2-2: Fly out, F3 (Flyball, 3D, EV 91.3 MPH)
Batting: LHB Thomas Anderson 0-0: Ball
1-0: Swinging Strike
1-1: Ball
2-1: Called Strike
2-2: Foul Ball, location: 2F
2-2: Foul Ball, location: 2F
2-2: Ball
3-2: Strikes out looking
Batting: SHB Julio Valdez 0-0: Ground out 6-3 (Groundball, 6, EV 85.0 MPH)
Top of the 7th over - 0 runs, 0 hits, 0 errors, 0 left on base; Tidewater 3 - Richmond 5
BOTTOM OF THE 7TH
Richmond Braves batting - Pitching for Tidewater Tides : LHP Austin Martinelli
Batting: RHB Dave Stegman 0-0: Called Strike
0-1: Ball
1-1: Ball
2-1: Swinging Strike
2-2: Foul Ball, location: 2F
2-2: Ball
3-2: Fly out, F7 (Flyball, 7, EV 79.4 MPH)
Batting: RHB Mike Fuentes 0-0: Swinging Strike
0-1: Called Strike
0-2: Ground out 5-3 (Groundball, 56, EV 85.0 MPH)
Batting: SHB Howard Johnson 0-0: Called Strike
0-1: Called Strike
0-2: Ball
1-2: Ground out 4-3 (Groundball, 4D, EV 86.3 MPH)
Bottom of the 7th over - 0 runs, 0 hits, 0 errors, 0 left on base; Tidewater 3 - Richmond 5
TOP OF THE 8TH
Tidewater Tides batting - Pitching for Richmond Braves : RHP Fernando Amaya
Batting: RHB Steve Liddle 0-0: Ground out 5-3 (Groundball, 56, EV 88.8 MPH)
Batting: RHB Anthony Lachowetz 0-0: Ball
1-0: Ball
2-0: Foul Ball, location: 2F
2-1: Ball
3-1: Ground out 6-3 (Groundball, 6, EV 88.1 MPH)
Batting: RHB German Rivera 0-0: Foul Ball, location: 2F
0-1: Ball
1-1: SOLO HOME RUN (Flyball, 9D, EV 109.4 MPH), Distance : 375 ft
Batting: RHB Brad Komminsk 0-0: Called Strike
0-1: Ball
1-1: Foul Ball, location: 2F
1-2: Strikes out looking
Top of the 8th over - 1 run, 1 hit, 0 errors, 0 left on base; Tidewater 4 - Richmond 5
BOTTOM OF THE 8TH
Richmond Braves batting - Pitching for Tidewater Tides : LHP Austin Martinelli
Batting: LHB Chris Evans 0-0: Called Strike
0-1: Swinging Strike
0-2: Reached on error, E3 (Groundball, 34, EV 98.1 MPH)
Batting: LHB Dan Rohn 0-0: Ball
1-0: Ball
2-0: Called Strike
2-1: Foul Ball, location: 2F
2-2: Foul Ball, location: 2F
2-2: SINGLE (Groundball, 4M, EV 109.4 MPH) (infield hit)
Chris Evans to third
Batting: LHB Max Venable 0-0: Called Strike
0-1: Called Strike
0-2: Foul Ball, location: 2F
0-2: Ball
1-2: SINGLE (Groundball, 4M, EV 94.4 MPH)
Chris Evans scores
Dan Rohn to second
Runner from 2nd tries for 3rd, SAFE, throw by CF made to third
Batting: RHB Mark Naehring 0-0: Ball
1-0: Ball
2-0: Ground out 3-1 (Groundball, 34S, EV 82.5 MPH)
Dan Rohn scores
Max Venable to second
Batting: SHB Julio Cruz 0-0: Intentional Walk
Pitching: RHP Richard Dierker
Batting: RHB Marc Sullivan 0-0: Grounds into double play, 4-6-3 (Groundball, 34, EV 97.5 MPH)
Bottom of the 8th over - 2 runs, 2 hits, 1 error, 1 left on base; Tidewater 4 - Richmond 7
TOP OF THE 9TH
Tidewater Tides batting - Pitching for Richmond Braves : RHP Fernando Amaya
Batting: RHB George Gomez 0-0: Ball
1-0: Ball
2-0: Swinging Strike
2-1: Ball
3-1: Foul Ball, location: 2F
3-2: Fly out, F9 (Flyball, 89S, EV 78.1 MPH)
Batting: RHB Mike Rex 0-0: Ball
1-0: Foul Ball, location: 2F
1-1: Called Strike
1-2: Foul Ball, location: 2F
1-2: Foul Ball, location: 2F
1-2: DOUBLE (Line Drive, 78M, EV 107.5 MPH)
Batting: RHB Thomas Walker 0-0: Called Strike
0-1: Ball
1-1: Foul Ball, location: 2F
1-2: Foul Ball, location: 2F
1-2: Fly out, F5 (Popup, 5F, EV 72.5 MPH)
Batting: LHB Thomas Anderson 0-0: Called Strike
0-1: Ball
1-1: Foul Ball, location: 2F
1-2: Foul Ball, location: 2F
1-2: Strikes out swinging
Top of the 9th over - 0 runs, 1 hit, 0 errors, 1 left on base; Tidewater 4 - Richmond 7
Monday, August 10th, 2020 - OOTP Baseball 21.5 Build 76